 Dungeon Crawl Stone Soup version 0.13.1-2-gfb2c2b7 (webtiles) character file.

68 Lilouch the Firebug (level 2, -1/20 HPs)
             Began as a Hill Orc Fire Elementalist on Dec 3, 2013.
             Slain by Terence
             ... wielding a +1,+1 flail of holy wrath
              (7 damage)
             ... on Level 2 of the Dungeon.
             The game lasted 00:03:42 (743 turns).

Lilouch the Firebug (Hill Orc Fire Elementalist)     Turns: 743, Time: 00:03:42

HP  -1/20        AC  3     Str 10      XL: 2   Next: 95%
MP   0/4         EV 12     Int 15      God:
Gold 45          SH  0     Dex 11      Spells:  1 memorised,  2 levels left

Res.Fire  : . . .   See Invis. : .   f - +0 sling
Res.Cold  : . . .   Warding    : .   e - +0 orc robe
Life Prot.: . . .   Conserve   : .   (no shield)
Res.Poison: .       Res.Corr.  : .   (no helmet)
Res.Elec. : .       Clarity    : .   (no cloak)
Sust.Abil.: . .     Spirit.Shd : .   (no gloves)
Res.Mut.  : .       Stasis     : .   i - +0 pair of boots
Res.Rott. : .       Flight     : .   (no amulet)
Saprovore : + . .                    (no ring)
                                     (no ring)

@: very slightly contaminated, not resistant to hostile enchantments, unstealthy
A: saprovore 1
a: no special abilities


You were on level 2 of the Dungeon.
You were not hungry.

You visited 1 branch of the dungeon, and saw 2 of its levels.

You collected 25 gold pieces.

Inventory:

Hand weapons
 f - a +0,+0 sling (weapon)
 s - a +0,+0 spear
Missiles
 g - 13 stones
 h - 2 throwing nets
 j - 27 sling bullets (quivered)
 l - 27 bolts
Armour
 e - a +0 orcish robe (worn)
 i - a +0 pair of boots (worn)
Comestibles
 c - a meat ration
 k - a rotting chunk of giant cockroach flesh
 n - 2 chunks of goblin flesh
 t - a chunk of giant newt flesh
Scrolls
 a - a scroll of magic mapping {unknown}
Potions
 d - a potion of agility {unknown}
 m - a potion of slowing {unknown}
 o - a potion of paralysis {unknown}
 q - a potion of mutation {unknown}
 r - a potion of heal wounds {unknown}
Books
 b - a book of Flames

   Spells                             Type                      Level
   *Flame Tongue                      Conjuration/Fire             1
   Throw Flame                        Conjuration/Fire             2
   Conjure Flame                      Conjuration/Fire             3
   Inner Flame                        Hexes/Fire                   3
   Sticky Flame                       Conjuration/Fire             4
   Fireball                           Conjuration/Fire             5


   Skills:
 - Level 1.5 Dodging
 - Level 1.5 Stealth
 + Level 1.4 Spellcasting
 + Level 1.6 Conjurations
 * Level 3.7 Fire Magic


You had 2 spell levels left.
You knew the following spells:

 Your Spells              Type           Power        Failure   Level  Hunger
a - Flame Tongue          Conj/Fire      #....        10%         1    ##.....


Dungeon Overview and Level Annotations

Branches:
Dungeon (2/27)

Altars:

Annotations:
D:2 Terence


Innate Abilities, Weirdness & Mutations

You can tolerate rotten meat.


Message History

Confirm with . or Enter, or press ? or * to list all spells.
Aiming: Flame Tongue
Press: ? - help, Shift-Dir - straight line, f/p - Terence
Aim: Terence, wielding a runed flail and wearing a scale mail (heavily wounded)
The flame hits Terence.
Terence is heavily wounded.
Terence barely misses you.
Firing (i - inventory. (,) - cycle):
j - 29 sling bullets (quivered)
Press: ? - help, Shift-Dir - straight line, f/p - Terence
Aim: Terence, wielding a runed flail and wearing a scale mail (heavily wounded)
You shoot a sling bullet. The sling bullet hits Terence.
Terence is heavily wounded.
Terence misses you.
Firing (i - inventory. (,) - cycle):
j - 28 sling bullets (quivered)
Press: ? - help, Shift-Dir - straight line, f/p - Terence
Aim: Terence, wielding a runed flail and wearing a scale mail (heavily wounded)
You shoot a sling bullet. The sling bullet hits Terence.
Terence is heavily wounded.
Terence hits you with a runed flail!
You die...

...............##.).......##
..........#+#+#.....)......+.
..........# #.#<...........##
.........##.#.#.#............
##+##....##..........#....... ..#
#.##....####.#.#.#.....##### ....
#............#...<..%..'....
....>#....#########.###.....#####
...$......'(...@@.....'.....'....
..........#####.....###.....#####
..........+ +.....'..#.........
.........@# #.....##.#.#######.
...[...(..+ #..........#.......#.
..........# #+######...........#.
..##...... ........%.........#. .
........ ..................#.
%........ ..............####.


You could see Terence.

Vanquished Creatures
  4 goblins
  A hobgoblin (D:2)
  5 bats
  5 giant cockroaches
  A giant newt (D:2)
  3 kobolds (D:1)
  4 rats
23 creatures vanquished.

Notes
Turn   | Place    | Note
--------------------------------------------------------------
     0 | D:1      | Lilouch, the Hill Orc Fire Elementalist, began the quest for the Orb.
     0 | D:1      | Reached XP level 1. HP: 14/14 MP: 3/3
   196 | D:1      | Reached XP level 2. HP: 20/20 MP: 2/4
   721 | D:2      | Noticed Terence
   743 | D:2      | Slain by Terence

Action                   || total
-------------------------++-------
 Fire: Sling             ||    20
 Cast: Flame Tongue      ||    30
